 Dungeon Crawl Stone Soup version 0.25-a0-972-g74ed164fb1 (webtiles) character file.

Game seed: 13309965883237932378, levelgen mode: deterministic

13 Chiseanne the Poker (level 2, -4/20 HPs)
             Began as a Demonspawn Wanderer on May 8, 2020.
             Slain by a worm (12 damage)
             ... on level 2 of the Dungeon.
             The game lasted 00:00:55 (1194 turns).

Chiseanne the Poker (Demonspawn Wanderer)           Turns: 1194, Time: 00:00:56

Health: -4/20      AC:  2    Str:  8    XL:     2   Next: 24%
Magic:  2/2        EV: 11    Int: 13    God:
Gold:   65         SH:  5    Dex: 18    Spells: 1/1 levels left

rFire    . . .     SeeInvis .   a - +2 dagger
rCold    . . .     Gourm    .   d - +0 buckler
rNeg     . . .     Faith    .   e - +0 robe
rPois    .         Spirit   .   (no helmet)
rElec    .         Reflect  .   (no cloak)
rCorr    .         Harm     .   (no gloves)
MR       .....                  (no boots)
Stlth    ++........             (no amulet)
HPRegen  0.06/turn              (no ring)
MPRegen  0.08/turn              (no ring)

@: no status effects
A: thin skeletal structure 1
a: no special abilities


You were on level 2 of the Dungeon.
You were hungry.

You visited 1 branch of the dungeon, and saw 2 of its levels.

You collected 65 gold pieces.

Inventory:

Hand Weapons
 a - a +2 dagger (weapon)
Missiles
 k - 48 stones (quivered)
Armour
 d - a +0 buckler (worn)
 e - a +0 robe (worn)
Scrolls
 c - 2 scrolls of identify {unknown}
 h - a scroll of random uselessness {unknown}
 i - 3 scrolls of remove curse {unknown}
 j - 2 scrolls of magic mapping {unknown}
 l - a scroll of enchant weapon {unknown}
 m - a scroll of teleportation {unknown}
Potions
 b - a potion of berserk rage
 g - a potion of curing {unknown}
 n - a potion of mutation {unknown}
Comestibles
 f - 2 rations


   Skills:
 * Level 0.8 Fighting
 * Level 0.5 Short Blades
   Level 3.6 Polearms
 * Level 0.5 Dodging
 * Level 1.0 Stealth
 * Level 2.0 Shields
   Level 1.7 Translocations
   Level 1.0 Transmutations


You had one spell level left.
You didn't know any spells.
Your spell library contained the following spells:

 Spells                   Type           Power        Failure   Level  Hunger
 Corpse Rot               Necr/Air       N/A          52%         2    ###....
 Swiftness                Chrm/Air       #.......     52%         2    ###....


Dungeon Overview and Level Annotations

Branches:
Dungeon (2/15)

Altars:


Innate Abilities, Weirdness & Mutations

You have a somewhat thin skeletal structure. (Dex +2, Stealth)


Message History

You are too injured to fight recklessly!
You are too injured to fight recklessly!
You are too injured to fight recklessly!
You are too injured to fight recklessly!
You are too injured to fight recklessly!
You are too injured to fight recklessly!
You are too injured to fight recklessly!
You are too injured to fight recklessly!
You are too injured to fight recklessly!
You are too injured to fight recklessly!
You are too injured to fight recklessly!
You are too injured to fight recklessly!
You are too injured to fight recklessly!
You hit the worm but do no damage. The worm closely misses you.
You barely miss the worm. You hit the worm.
The worm is lightly wounded.
The worm bites you!
Ouch! That really hurt!
You die...

####### ##
#...w.# ....
#...@.#
?...##.....#
.....>.....#
...#..?...#
##........#
###..##.....#
#....##.....#
#.......#####
........<##


You could see a worm.

Vanquished Creatures
  3 giant cockroaches (D:1)
  3 goblins (D:1)
  2 hobgoblins (D:1)
  3 bats
  A rat (D:1)
12 creatures vanquished.

Notes
Turn   | Place    | Note
-------+----------+-------------------------------------------
     0 | D:1      | Chiseanne the Demonspawn Wanderer began the quest for the
                  | Orb.
     0 | D:1      | Chiseanne set off with the following items: a +2 dagger, a
                  | potion of berserk rage, a +0 buckler, a +0 robe, a ration;
                  | and the following spells available to memorise: Corpse Rot,
                  | Swiftness
     0 | D:1      | Reached XP level 1. HP: 13/13 MP: 1/1
   669 | D:1      | Gained mutation: You have a somewhat thin skeletal
                  | structure. (Dex +2, Stealth) [demonic ancestry]
   669 | D:1      | Reached XP level 2. HP: 15/20 MP: 2/2
  1194 | D:2      | Slain by a worm

Illustrated notes

Levels and vault maps discovered:
D:1:      tarquinn_simple_flora_water_b, layout_loops_ring
D:2:      layout_rooms, minivault_26, uniq_crazy_yiuf_cottage

Skill      XL: |  1 |
---------------+----+-----
Shields        | 2 |  2.0
Fighting       | |  0.8
Short Blades   | |  0.5
Polearms       | |  3.6
Dodging        | |  0.5
Stealth        | |  1.0
Translocations | |  1.7
Transmutations | |  1.0

Action                   || total
-------------------------++-------
Melee: Dagger            ||    46
 Stab: Sleeping          ||     2
Armor: Robe              ||     7
Dodge: Dodged            ||    15
Block: Buckler           ||     9

Table legend:
 A = Non-vault XP
 B = Vault XP
 C = Vault XP percentage of total XP
 D = Non-vault monster count
 E = Vault monster count
 F = Vault count percentage of total count
                 A         B        C        D         E       F
            +---------+---------+-------+---------+---------+-------
      Total |      19 |       0 |   0.0 |      12 |       0 |   0.0
            +---------+---------+-------+---------+---------+-------
        D:1 |      18 |       0 |   0.0 |      11 |       0 |   0.0
        D:2 |       1 |       0 |   0.0 |       1 |       0 |   0.0
            +---------+---------+-------+---------+---------+-------
